Map: Odyssey LE

Players

CinDra - Winner!

  • Race: Protoss Protoss
  • Spawn Location: 5:00

A.I. 1 (Very Easy)

  • Race: Protoss Protoss
  • Spawn Location: 11:00

VOD

Have the link to the VOD?

Description

Time

  • Played on: Jan. 18, 2018, 10:53 a.m.
  • Length: 12:12
Show
View Real Time Build Order
Export as new Build Order

CinDra Protoss - Winner!

Build Orders:  

Get SALT Encoding   

  12  0:05  Probe  
  13  0:17  Probe (Chrono Boost)  
  14  0:25  Pylon  
  15  0:29  Probe (Chrono Boost)  
  15  0:42  Probe  
  15  0:48  Gateway  
  16  0:52  Assimilator  
  16  0:54  Probe  
  17  1:06  Probe  
  18  1:18  Probe (Chrono Boost)  
  19  1:30  Probe (Chrono Boost)  
  20  1:35  Pylon, Probe (Chrono Boost)  
  21  1:46  Cybernetics Core  
  21  1:47  Probe  
  21  1:53  Zealot  
  24  2:00  Probe  
  25  2:12  Probe (Chrono Boost)  
  26  2:19  Nexus  
  27  2:24  Probe (Chrono Boost)  
  27  2:28  Adept  
  29  2:35  Warp Gate  
  29  2:36  Probe  
  30  2:48  Pylon  
  30  2:49  Probe  
  31  2:51  Pylon  
  31  3:06  Adept, Probe  
  31  3:08  Gateway  
  34  3:16  Pylon  
  34  3:18  Probe (Chrono Boost)  
  35  3:29  Probe (Chrono Boost)  
  35  3:32  Probe (Chrono Boost)  
  35  3:33  Adept  
  41  3:42  Probe x2 (Chrono Boost)  
  42  3:48  Probe (Chrono Boost)  
  42  3:49  Assimilator  
  42  4:07  Adept x2  
  46  4:13  Probe (Chrono Boost)  
  48  4:17  Probe (Chrono Boost)  
  49  4:24  Probe (Chrono Boost)  
  49  4:29  Probe (Chrono Boost)  
  51  4:38  Probe (Chrono Boost)  
  51  4:43  Probe (Chrono Boost)  
  52  4:50  Probe (Chrono Boost)  
  54  4:55  Probe (Chrono Boost)  
  54  5:02  Gateway  
  54  5:03  Gateway  
  54  5:08  Gateway  
  54  5:09  Probe x2  
  54  5:10  Gateway  
  56  5:19  Assimilator  
  56  5:20  Pylon  
  56  5:21  Probe x2, Assimilator  
  56  5:22  Adept x2  
  56  5:25  Pylon  
  62  5:41  Probe x2  
  64  5:53  Probe x2  
  66  6:00  Nexus  
  66  6:07  Probe  
  66  6:08  Probe  
  68  6:19  Probe  
  68  6:20  Probe  
  68  6:22  Adept x2  
  74  6:34  Twilight Council  
  74  6:39  Pylon  
  74  6:41  Pylon  
  74  6:48  Pylon  
  74  6:59  Adept x4  
  74  7:00  Adept x2  
  86  7:14  Resonating Glaives  
  86  7:25  Probe (Chrono Boost)  
  89  7:30  Probe x2 (Chrono Boost)  
  90  7:38  Probe (Chrono Boost)  
  90  7:40  Adept x4  
  90  7:41  Adept x2  
  102  7:56  Gateway  
  102  7:59  Gateway x2  
  102  8:01  Gateway  
  102  8:04  Pylon, Gateway  
  102  8:10  Pylon  
  102  8:24  Probe  
  102  8:25  Probe  
  104  8:29  Assimilator  
  104  8:32  Adept, Assimilator  
  104  8:33  Adept x4  
  104  8:34  Adept  
  116  9:06  Forge  
  116  9:09  Forge, Probe x3  
  119  9:21  Probe x2  
  121  9:34  Adept x2  
  121  9:35  Adept x5  
  121  9:36  Adept x3  
  141  10:00  Pylon  
  141  10:02  Pylon  
  141  10:04  Pylon  
  141  10:25  Adept x4  
  141  10:26  Adept x6  
Show
View Real Time Build Order
Export as new Build Order

A.I. 1 (Very Easy) Protoss 

Build Orders:  

Get SALT Encoding   

  12  0:00  Probe  
  13  0:13  Probe  
  14  0:19  Pylon  
  14  0:37  Assimilator  
  14  0:43  Gateway  
  14  0:47  Pylon  
  14  1:15  Assimilator  
  14  1:27  Probe  
  15  1:33  Zealot, Cybernetics Core  
  15  1:39  Probe  
  18  1:51  Probe  
  19  2:03  Probe  
  20  2:10  Warp Gate  
  20  2:16  Probe  
  21  2:28  Probe  
  22  2:49  Stalker  
  24  7:24  Probe  
  24  7:26  Adept  
  24  7:27  Pylon  
  24  7:29  Robotics Facility  
  27  7:33  Nexus  
  27  7:37  Probe  
  28  7:49  Probe  
  29  8:01  Probe  
  30  8:06  Pylon  
  26  8:13  Probe  
  26  8:16  Observer  
  28  8:25  Stalker  
  30  8:38  Observer  
  31  8:45  Probe  
  32  8:52  Probe  
  32  8:53  Assimilator  
  32  8:55  Assimilator  
  33  9:00  Probe  
  34  9:07  Probe  
  35  9:14  Probe  
  36  9:21  Probe  
  37  9:24  Zealot  
  37  9:28  Probe  
  40  9:35  Probe  
  41  9:43  Probe  
  42  9:50  Probe  
  43  9:57  Probe  
  44  10:04  Probe  
  45  10:11  Probe  
  46  10:19  Probe  
  41  10:24  Stalker  
  41  10:26  Probe  
  43  10:37  Probe  
  29  10:44  Probe  
  25  10:52  Stalker  
  25  10:57  Pylon  
  27  10:58  Probe  
  26  11:10  Probe  
  24  11:18  Nexus  
Tags
 
Matchup
PvP
Spawn Locations
Cross Positions
Add a new tag
Caveats
  • Supply blocks, unpowered buildings, or Contaminate may cause inaccurate times.
  • Supply counts are checked every 10 seconds.